 Dungeon Crawl Stone Soup version 0.28.0 (webtiles) character file.

Game seed: 14416324942647782683

1026546 SnakkuSnakku7 the Bringer of Light (level 27, -7/254 (273) HPs)
             Began as a Hill Orc Delver on Feb 6, 2022.
             Was the Champion of the Shining One.
             Killed from afar by an elemental wellspring (36 damage)
             ... with a torrent of water
             ... on level 6 of Cocytus on Feb 7, 2022.
             The game lasted 03:15:43 (76010 turns).

SnakkuSnakku7 the Bringer of Light (HODe)          Turns: 76010, Time: 03:15:44

HP:   -7/254 (273)  AC: 55    Str: 33      XL:     27
MP:   17/40         EV: 22    Int: 16 (17) God:    the Shining One [******]
Gold: 8161          SH:  0    Dex: 22 (24) Spells: 31/46 levels left

rFire   + . .      SeeInvis .   a - +9 executioner's axe (vorpal)
rCold   + . .      Faith    +   (shield currently unavailable)
rNeg    + + +      Spirit   .   M - +9 gold dragon scales
rPois   +          Reflect  .   H - +2 helmet
rElec   +          Harm     .   Z - +1 cloak "Keupp" {rCorr Dex+6}
rCorr   +          Rampage  .   Y - +2 pair of gloves "Xuqewn" {Str+3 Int+3}
Will    +++..                   o - +2 pair of boots
Stlth   ..........              A - amulet of Doubts {Faith rElec Regen+ rCorr Int+4}
HPRegen 1.32/turn               P - ring of Peace {rCorr AC+4 Str+3 Slay+3}
MPRegen 0.27/turn               O - ring of the Ant {Will+ Dex+4}

@: glowing, studying 2 skills, drained, frozen potions, very slow
A: claws 1, screaming 1
}: 12/15 runes: serpentine, barnacled, slimy, silver, obsidian, bone, abyssal,
demonic, glowing, magical, fiery, dark
a: Renounce Religion, Divine Shield, Cleansing Flame, Summon Divine Warrior


You were on level 6 of Cocytus.
You worshipped the Shining One.
The Shining One was exalted by your worship.
You visited 17 branches of the dungeon, and saw 81 of its levels.
You visited Pandemonium 1 time, and saw 18 of its levels.
You visited the Abyss 4 times.
You also visited: Sewer, Bailey and Ice Cave.

You collected 11718 gold pieces.
You spent 3557 gold pieces at shops.

Inventory:

Hand Weapons
 a - a +9 vorpal executioner's axe (weapon)
 b - a +9 executioner's axe of holy wrath
Missiles
 v - 5 throwing nets
 E - 15 curare-tipped darts (quivered)
Armour
 o - a +2 pair of boots (worn)
 H - a +2 helmet (worn)
 M - +9 gold dragon scales (worn)
 Y - the +2 pair of gloves "Xuqewn" (worn) {Str+3 Int+3}
   (You found it on level 3 of the Elven Halls)

   Str:       It affects your strength (+3).
   Int:       It affects your intelligence (+3).
 Z - the +1 cloak "Keupp" (worn) {rCorr Dex+6}
   (You found it on level 3 of the Vaults)

   Dex:       It affects your dexterity (+6).
   rCorr:     It protects you from acid and corrosion.
Jewellery
 n - the necklace of Bloodlust {*Rage Will++ Int-3 Slay+6}
   (You took it off a mummy priest on level 3 of the Crypt)

   [amulet of nothing]

   It extends the wearer's berserk rage when killing foes.
   Int:       It affects your intelligence (-3).
   Slay:      It affects your accuracy & damage with ranged weapons and melee
   (+6).
   *Rage:     It berserks you when you make melee attacks (+50% chance).
   Will:      It greatly increases your willpower.
 A - the amulet of Doubts (around neck) {Faith rElec Regen+ rCorr Int+4}
   (You acquired it on level 2 of the Orcish Mines)

   [amulet of faith]

   It allows you to gain divine favour quickly.
   Int:       It affects your intelligence (+4).
   rElec:     It insulates you from electricity.
   Regen:     It increases your rate of health regeneration.
   rCorr:     It protects you from acid and corrosion.
 F - the ring of Leaves {rC+++ rN++ rCorr Int+6 Stlth-}
   (You took it off a hell knight on level 3 of the Depths)

   [ring of intelligence]

   Int:       It affects your intelligence (+6).
   rC:        It renders you almost immune to cold.
   rN:        It greatly protects you from negative energy.
   rCorr:     It protects you from acid and corrosion.
   Stlth:     It makes you less stealthy.
 J - the ring "Luanke" {AC+4 Dex+2 SInv}
   (You acquired it on level 4 of the Lair of Beasts)

   [ring of protection]

   AC:        It affects your AC (+4).
   Dex:       It affects your dexterity (+2).
   SInv:      It lets you see invisible.
 N - the ring "Qolag" {*Corrode rF+ rC+ rN++ MP+9 SInv}
   (You took it off a deep elf blademaster on level 3 of the Elven Halls)

   [ring of protection from cold]

   rF:        It protects you from fire.
   rC:        It protects you from cold.
   rN:        It greatly protects you from negative energy.
   MP:        It affects your magic capacity (+9).
   SInv:      It lets you see invisible.
   *Corrode:  It may corrode you when you take damage.
 O - the ring of the Ant (right hand) {Will+ Dex+4}
   (You bought it in a shop on level 14 of the Dungeon)

   [ring of willpower]

   Dex:       It affects your dexterity (+4).
   Will:      It increases your willpower.
 P - the ring of Peace (left hand) {rCorr AC+4 Str+3 Slay+3}
   (You acquired it on level 7 of Tartarus)

   [ring of protection]

   AC:        It affects your AC (+4).
   Str:       It affects your strength (+3).
   Slay:      It affects your accuracy & damage with ranged weapons and melee
   (+3).
   rCorr:     It protects you from acid and corrosion.
Wands
 g - a wand of digging (14)
 h - a wand of acid (24)
 D - a wand of iceblast (15)
 I - a wand of polymorph (24)
 Q - a wand of flame (87)
 S - a wand of paralysis (17)
 U - a wand of charming (9)
 V - a wand of mindburst (16)
Scrolls
 c - 18 scrolls of fog
 d - 7 scrolls of magic mapping
 e - 9 scrolls of fear
 i - a scroll of blinking
 j - 14 scrolls of vulnerability
 s - 11 scrolls of immolation
 x - 31 scrolls of teleportation
 C - 5 scrolls of summoning
 K - 4 scrolls of holy word
 X - 4 scrolls of silence
Potions
 f - 12 potions of haste
 k - 5 potions of might
 m - 31 potions of curing
 q - 11 potions of heal wounds
 r - 3 potions of mutation
 t - 3 potions of cancellation
 u - 4 potions of brilliance
 w - 10 potions of attraction
 z - 4 potions of magic
 B - 7 potions of resistance
 R - 3 potions of ambrosia
 T - 2 potions of berserk rage
Miscellaneous
 y - a tin of tremorstones (2/2)
 G - a lightning rod (4/4)


   Skills:
 O Level 27 Fighting
 O Level 27 Axes
 - Level 1.9(15.5) Polearms
 - Level 10.0 Slings
 O Level 27 Armour
 + Level 22.8 Dodging
 - Level 4.1 Stealth
 - Level 10.0 Spellcasting
 - Level 10.0 Hexes
 - Level 15.0 Summonings
 - Level 10.0 Translocations
 - Level 8.0 Air Magic
 O Level 27 Invocations
 - Level 10.0 Evocations


You had 31 spell levels left.
You knew the following spells:

 Your Spells              Type           Power      Damage    Failure   Level
a - Apportation           Tloc           80%        N/A       1%          1
b - Blink                 Tloc           80%        N/A       1%          2
c - Swiftness             Air            33%        N/A       4%          3
d - Passage of Golubria   Tloc           40%        N/A       7%          4
e - Summon Mana Viper     Hex/Summ       48%        N/A       7%          5

Your spell library contained the following spells:

 Spells                   Type           Power      Damage    Failure   Level
 Summon Small Mammal      Summ           100%       N/A       1%          1
 Call Imp                 Summ           54%        N/A       1%          2
 Call Canine Familiar     Summ           54%        N/A       1%          3
 Gell's Gravitas          Tloc           40%        N/A       1%          3
 Lesser Beckoning         Tloc           40%        N/A       1%          3
 Portal Projectile        Hex/Tloc       80%        N/A       1%          3
 Summon Guardian Golem    Hex/Summ       48%        N/A       1%          3
 Teleport Other           Tloc           40%        N/A       1%          3
 Tukima's Dance           Hex            40%        N/A       1%          3
 Summon Lightning Spire   Summ/Air       44%        N/A       3%          4
 Cause Fear               Hex            20%        N/A       7%          4
 Summon Forest            Summ/Tloc      24%        N/A       7%          5
 Shock                    Conj/Air       80%        1d8       8%          1
 Ensorcelled Hibernation  Hex/Ice        48%        N/A       8%          2
 Poisonous Vapours        Pois/Air       40%        N/A       12%         2
 Static Discharge         Conj/Air       20%        N/A       12%         2
 Summon Cactus Giant      Summ           27%        N/A       13%         6
 Dazzling Flash           Conj/Hex       48%        N/A       16%         3
 Inner Flame              Hex/Fire       24%        N/A       16%         3
 Animate Armour           Summ/Erth      64%        N/A       19%         4
 Summon Ice Beast         Ice/Summ       32%        N/A       19%         4
 Beastly Appendage        Tmut           16%        N/A       38%         1
 Foxfire                  Conj/Fire      32%        2x1d5     38%         1
 Magic Dart               Conj           32%        1d4       38%         1
 Sandblast                Erth           16%        2d6       38%         1
 Sting                    Tmut/Pois      32%        1d4       38%         1
 Mephitic Cloud           Conj/Pois/Air  16%        N/A       38%         3
 Anguish                  Hex/Necr       12%        N/A       45%         4
 Fulminant Prism          Conj/Hex       12%        3d9       45%         4
 Iskenderun's Mystic Bla  Conj/Tloc      24%        2d7       45%         4
 Leda's Liquefaction      Hex/Erth       12%        N/A       45%         4
 Passwall                 Tmut/Erth      6%         N/A       52%         2
 Searing Ray              Conj           16%        2d5       52%         2
 Sublimation of Blood     Necr           8%         N/A       52%         2
 Wereblood                Tmut           8%         N/A       52%         2
 Monstrous Menagerie      Summ           27%        N/A       58%         7
 Summon Hydra             Summ           27%        N/A       58%         7
 Dispersal                Tloc           20%        N/A       71%         6
 Conjure Flame            Conj/Fire      8%         6-21      77%         3
 Frozen Ramparts          Ice            16%        1d3       77%         3
 Ignite Poison            Fire/Tmut/Pois 8%         N/A       77%         3
 Ozocubu's Armour         Ice            8%         N/A       77%         3
 Spider Form              Tmut/Pois      8%         N/A       77%         3
 Stone Arrow              Conj/Erth      16%        3d8       77%         3
 Metabolic Englaciation   Hex/Ice        12%        N/A       82%         5
 Yara's Violent Unravell  Hex/Tmut       12%        3d7       82%         5
 Malign Gateway           Summ/Tloc      24%        N/A       90%         7
 Freezing Cloud           Conj/Ice/Air   8%         6-21      98%         5
 Animate Dead             Necr           4%         N/A       99%         4
 Dispel Undead            Necr           8%         3d8       99%         4
 Flame Wave               Conj/Fire      8%         2d5       99%         4
 Hailstorm                Conj/Ice       8%         3d4       99%         4
 Ice Form                 Ice/Tmut       8%         N/A       99%         4
 Olgreb's Toxic Radiance  Pois           8%         N/A       99%         4
 Petrify                  Tmut/Erth      8%         N/A       99%         4
 Sticky Flame             Conj/Fire      8%         2d3       99%         4
 Enfeeble                 Hex            20%        N/A       99%         7
 Summon Horrible Things   Summ           27%        N/A       99%         8
 Alistair's Intoxication  Tmut/Pois      5%         N/A       100%        5
 Blade Hands              Tmut           4%         N/A       100%        5
 Borgnjor's Vile Clutch   Necr/Erth      4%         N/A       100%        5
 Fireball                 Conj/Fire      4%         3d4       100%        5
 Irradiate                Conj/Tmut      4%         3d14      100%        5
 Lee's Rapid Deconstruct  Erth           4%         3d6*      100%        5
 Death Channel            Necr           4%         N/A       100%        6
 Eringya's Noxious Bog    Tmut/Pois      4%         N/A       100%        6
 Simulacrum               Ice/Necr       4%         N/A       100%        6
 Starburst                Conj/Fire      4%         6d3       100%        6
 Statue Form              Tmut/Erth      5%         N/A       100%        6
 Dragon Form              Tmut           4%         N/A       100%        7
 Haunt                    Necr/Summ      16%        N/A       100%        7
 Orb of Destruction       Conj           4%         9d5       100%        7
 Spellforged Servitor     Conj/Summ      16%        N/A       100%        7
 Borgnjor's Revivificati  Necr           4%         N/A       100%        8
 Discord                  Hex            20%        N/A       100%        8
 Disjunction              Tloc           20%        N/A       100%        8
 Ignition                 Fire           4%         3d4       100%        8
 Infestation              Necr           4%         N/A       100%        8
 Lehudib's Crystal Spear  Conj/Erth      4%         10d3      100%        8
 Necromutation            Tmut/Necr      4%         N/A       100%        8
 Death's Door             Necr           4%         N/A       100%        9
 Dragon's Call            Summ           27%        N/A       100%        9


Dungeon Overview and Level Annotations

Branches:
Dungeon (15/15)            Temple (1/1) D:6            Lair (6/6) D:11
 Shoals (4/4) Lair:4        Snake (4/4) Lair:2        Slime (5/5) Lair:5
    Orc (2/2) D:11            Elf (3/3) Orc:2        Vaults (5/5) D:13
  Crypt (3/3) Vaults:2       Tomb (0/3) Crypt:3      Depths (4/4) D:15
   Hell (visited)             Dis (7/7) Hell            Geh (7/7) Hell
    Coc (6/7) Hell            Tar (7/7) Hell            Zot (1/5) Depths:4
  Sewer (visited)          Bailey (visited)           IceCv (visited)

Altars:
Cheibriados
Dithmenos
Elyvilon
Fedhas
Gozag
Hepliaklqana
Kikubaaqudgha
Makhleb
Nemelex Xobeh
Okawaru
Qazlal
Ru
Sif Muna
Trog
Uskayaw
Vehumet
Wu Jian
Yredelemnul
Zin
The Shining One
Beogh
Jiyva

Shops:
D:10 *   D:14 =   Orc:2 (*=*   Elf:1 *   Shoals:1 *   Snake:3 (   Snake:4 (
Vaults:2 ???*(   Vaults:3 (   Vaults:4 [

Portals:
Hell: Depths:1 Depths:2 Depths:3 Depths:4
Abyss: Depths:2 Depths:3 Depths:4
Pandemonium: Depths:2 Depths:4
Ziggurat: Depths:1
Trove: D:12 (give +3 shadow dragon scales)

Annotations:
Elf:2 3 runed translucent doors
Elf:3 1 exclusion
Zot:1 2 transporters, dolemite99's ghost, veteran MiMo


Innate Abilities, Weirdness & Mutations

You have sharp fingernails.
You occasionally shout uncontrollably at your foes.


Message History

Press: ? - help, Dir - look around, f - activate The golden flame engulfs you but does no damage.
You resist.
The golden flame engulfs the water elemental!!
The water elemental is severely damaged.
The golden flame engulfs the Ice Fiend!!!!
The Ice Fiend writhes in agony!
The Ice Fiend is severely wounded.
The water elemental disappears in a puff of smoke! x2
A torrent of water rises up through the elemental wellspring!
The torrent of water misses you.
The torrent of water passes through the water elemental.
The wave splashes down.
The Ice Fiend calls on the powers of darkness!
Your body is wracked with pain!
* * * LOW HITPOINT WARNING * * *
The frost giant convulses!
A torrent of water rises up through the elemental wellspring!
The torrent of water passes through the water elemental.
The torrent of water hits you!!!
* * * LOW HITPOINT WARNING * * *
You are knocked back by the torrent of water.
Splash!
The wave splashes down.
Water spirits pour forth from the elemental wellspring!
The water elemental hits you.
The water elemental engulfs you in water!
You hear a screech! x2
Unknown command.
You cannot call out to the Shining One while unable to breathe.
Unknown command.
Unknown command.
Unknown command.
You cannot read scrolls while unable to breathe!
You slip free of the water engulfing you.
You gasp with relief as air once again reaches your lungs.
The Ice Fiend claws you but does no damage. x2
A torrent of water rises up through the elemental wellspring!
The torrent of water hits you!!!
You die...

≈E≈..≈≈≈##
≈E≈...≈≈≈#
.§≈E..≈≈≈#
≈≈≈§≈≈^≈≈##
≈≈≈≈≈≈..≈§##
≈EE≈≈≈≈≈≈≈≈##
≈≈ECE≈≈≈E≈≈≈###≈
≈≈#≈≈≈≈≈≈≈≈≈≈≈≈≈
##≈≈≈≈@1EE≈≈≈.
##≈≈≈≈.≈≈≈≈..
##≈≈≈.≈≈≈≈≈≈
##≈≈≈...≈≈≈
##≈≈≈≈≈≈≈#
#≈≈≈≈≈###
#≈≈≈≈≈# ≈≈≈≈≈≈#


You could see a frost giant, an Ice Fiend, 4 elemental wellsprings and 5 water
elementals.

Vanquished Creatures
  Cerebov (Pan)
  Asmodeus (Geh:7)
  the Royal Jelly (Slime:5)
  Gloorx Vloq (Pan)
  Ereshkigal (Tar:7)
  Lom Lobon (Pan)
  Mnoleg (Pan)
  4 dread liches
  5 ancient liches
  A juggernaut (Depths:3)
  Boris (Crypt:2)
  A royal mummy (Crypt:3)
  Sojobo (Crypt:2)
  15 shard shrikes
  Bai Suzhen (Shoals:3)
  Vashnia (Snake:3)
  Geryon (Hell)
  8 pandemonium lords (Pan)
  16 caustic shrikes
  Nikola (Shoals:4)
  6 golden dragons
  7 Tzitzimimeh
  16 bone dragons
  7 profane servitors
  An electric golem (Zot:1)
  16 Brimstone Fiends
  7 doom hounds
  11 hellephants
  4 iron giants
  Rupert (D:15)
  A spectral shard shrike (Tar:5)
  7 liches
  11 tainted leviathans
  9 tentacled monstrosities
  3 Ice Fiends
  8 Hell Sentinels
  18 searing wretches
  A walking crystal tome (Depths:3)
  A deep elf blademaster (Elf:3)
  2 quicksilver dragons
  Polyphemus (Shoals:3)
  The ghost of Pooter the Sniper, an adept MiBe of Trog (Elf:3)
  28 tentacled starspawn
  10 titans
  19 acid blobs
  17 ancient champions
  A kraken (Shoals:3)
  21 Executioners (Pan)
  An eldritch tentacle (Pan)
  7 sphinxes
  Gastronok (D:11)
  5 shadow dragons
  A death cob (Zot:1)
  Donald (Crypt:2)
  A daeva (Pan)
  7 nagarajas
  A draconian monk (Zot:1)
  5 revenants
  3 storm dragons
  7 quicksilver elementals
  A thorn hunter (Abyss:1)
  17 fire giants
  5 azure jellies
  5 tengu reavers
  A draconian knight (Zot:1)
  5 demonspawn warmongers (Pan)
  8 narguns
  5 iron dragons
  13 rockslimes
  18 frost giants
  An emperor scorpion (D:15)
  Aizul (Snake:4)
  9 cacodemons (Pan)
  43 balrugs
  12 orc warlords
  5 deep elf sorcerers (Elf:3)
  15 vault wardens
  4 shard shrike simulacra
  2 angels
  4 deep elf elementalists
  Louise (Snake:3)
  A caustic shrike zombie (Abyss:3)
  21 ironbound preservers
  2 ghost moths (Pan)
  5 demonspawn corrupters (Pan)
  13 war gargoyles
  5 curse skulls
  A quicksilver ooze (shapeshifter) (Vaults:5)
  9 quicksilver oozes
  3 spriggan defenders
  4 draconian annihilators
  3 demonspawn blood saints (Pan)
  13 reapers
  An ophan (Abyss:4)
  44 very ugly things
  8 ghouls
  14 vampire knights
  4 demonspawn black suns (Pan)
  11 ironbound thunderhulks
  17 stone giants
  15 lorocyprocas
  16 elemental wellsprings
  A spectral titan (Tar:3)
  9 deep elf annihilators
  12 dire elephants
  5 purple draconians
  7 deep elf demonologists
  2 black draconians
  14 putrid mouths
  The ghost of Qoypruj the Cruncher, a journeyman MiGl of the Shining One (Lair:5)
  5 wendigos
  4 green draconians
  4 entropy weavers
  3 yellow draconians
  2 red draconians (Zot:1)
  8 spark wasps
  A crystal guardian (Hell)
  7 white draconians
  A merfolk javelineer (Shoals:4)
  10 ettins
  10 green deaths
  8 blizzard demons (Pan)
  Josephine (Lair:6)
  8 deep elf death magi
  5 eidola
  16 iron golems
  7 jiangshi
  8 deep elf high priests
  7 ice dragons
  2 spectral spriggans
  11 yaktaur captains
  6 fire dragons
  A spectral quicksilver dragon (Tar:5)
  A kraken zombie (Hell)
  6 merfolk impalers
  4 mummy priests
  18 salamander tyrants
  2 spriggan zombies (Crypt:2)
  23 great orbs of eyes
  Erolcha (D:11)
  28 vault guards
  3 juggernaut simulacra
  A quicksilver dragon skeleton (Abyss:3)
  4 boulder beetles
  3 catoblepae
  18 naga warriors
  5 hydras
  8 rakshasas
  15 centaur warriors
  4 spriggan air magi
  7 caustic shrike simulacra
  A peacekeeper (Vaults:4)
  Erica (D:9)
  2 ogre magi (Vaults:5)
  3 merfolk avatars
  7 two-headed ogres
  An alligator snapping turtle (Shoals:3)
  11 anacondas
  4 hell beasts (Pan)
  22 dancing weapons
  A stoker (Geh:2)
  3 death knights
  7 ironbound frosthearts
  A spectral stone giant (Tar:4)
  9 deep troll shamans
  A satyr (Shoals:3)
  4 merfolk aquamancers
  43 hell hogs
  2 spectral dire elephants
  12 death yaks
  7 deep troll earth magi
  13 vampire magi
  20 naga sharpshooters
  9 tengu warriors
  40 thrashing horrors
  5 orc high priests
  5 spriggan berserkers
  15 hell knights
  8 deep elf knights
  71 sun demons
  9 shock serpents
  Sonja (Lair:3)
  3 spriggans
  10 crystal echidnas
  A fire crab (Lair:6)
  A spectral bunyip (Tar:2)
  20 shadow wraiths
  A titan skeleton (Pan)
  30 sixfirhies
  25 skeletal warriors
  21 soul eaters
  9 iron trolls
  6 salamander mystics
  A pharaoh ant (Abyss:4)
  5 glowing orange brains
  A goliath frog (shapeshifter) (Depths:2)
  21 wretched stars
  A bunyip zombie (Crypt:1)
  6 sea snakes
  2 anaconda zombies (Hell)
  15 spatial maelstroms
  5 shadow demons
  4 spriggan simulacra
  5 quicksilver dragon simulacra
  22 ironbound convokers
  A spectral anaconda (Tar:2)
  8 flayed ghosts
  14 deep elf archers
  2 swamp dragons (Abyss:3)
  10 bog bodies
  2 bunyip skeletons
  17 lindwurms
  64 deep trolls
  15 phantasmal warriors
  7 necromancers
  2 fenstrider witch simulacra
  12 naga ritualists
  An anaconda skeleton (Crypt:1)
  18 mana vipers
  18 wizards
  11 orc sorcerers
  An iron dragon zombie (Crypt:2)
  26 deep elf pyromancers
  7 orc knights
  An oklob plant (Lair:2)
  A wolf spider (Abyss:4)
  5 cyclopes
  8 harpies
  22 deep elf zephyrmancers
  22 manticores
  57 ugly things
  22 salamanders
  A shining eye (shapeshifter) (Vaults:4)
  An iron dragon skeleton (Crypt:2)
  A manticore (shapeshifter) (Vaults:5)
  2 will-o-the-wisps (Abyss:3)
  8 fauns
  A tengu skeleton (Vaults:2)
  A moth of wrath (Zot:1)
  A spectral centaur (Tar:2)
  A faun (shapeshifter) (Vaults:5)
  3 ice statues
  11 worldbinders
  7 elephants
  A shadow dragon skeleton (Crypt:3)
  8 merfolk sirens
  5 shining eyes
  3 apocalypse crabs (Abyss:4)
  4 titan simulacra
  3 stone giant skeletons
  Joseph (Lair:1)
  4 human skeletons
  6 water nymphs
  4 eyes of devastation
  15 orange demons
  19 naga magi
  44 smoke demons
  31 black mambas
  5 guardian serpents
  18 vault sentinels
  4 rust devils
  13 cane toads
  13 molten gargoyles
  2 eyes of devastation (shapeshifter)
  3 torpor snails
  A gargoyle (D:11)
  10 efreet
  A swamp worm zombie (Crypt:2)
  10 rime drakes
  3 kobold demonologists
  19 demonic crawlers
  6 unseen horrors
  2 purple draconian zombies
  12 freezing wraiths
  A yaktaur zombie (Vaults:2)
  25 tormentors
  33 hellions
  A minotaur skeleton (Crypt:2)
  A green draconian zombie (Crypt:1)
  2 ice devils
  16 ancient zymes
  A tengu conjurer (Depths:2)
  23 yaktaurs
  6 komodo dragons
  An anaconda simulacrum (Hell)
  3 harpy zombies
  2 hydra zombies (Hell)
  26 guardian mummies (Crypt:3)
  12 trolls
  21 hellwings
  3 iron giant simulacra
  A pale draconian skeleton (Crypt:3)
  A spectral harpy (Tar:1)
  7 red devils
  A polar bear (shapeshifter) (Depths:2)
  A sea snake skeleton (Hell)
  3 hornets
  24 merfolk
  2 silent spectres
  A polar bear (Vaults:1)
  10 blink frogs
  7 wind drakes
  41 raiju
  106 slime creatures
  2 harpy skeletons
  7 snapping turtles
  An ettin zombie (Crypt:1)
  6 dream sheep
  5 stone giant simulacra
  2 hydra skeletons
  Grinder (D:5)
  37 small abominations
  11 flying skulls
  5 elf skeletons (Vaults:2)
  A jumping spider (shapeshifter) (Vaults:5)
  A centaur simulacrum (Hell)
  3 wyverns
  93 starcursed masses
  36 ynoxinuls
  3 air elementals
  A jumping spider (Vaults:2)
  A vampire (Abyss:4)
  An ettin skeleton (Vaults:2)
  A spriggan (shapeshifter) (Abyss:4)
  A shadow (D:9)
  11 ushabtiu (Crypt:3)
  A deep troll skeleton (Vaults:2)
  8 fire elementals
  10 wraiths
  3 naga simulacra
  A catoblepas simulacrum (Lair:5)
  21 water elementals
  87 yaks
  4 dire elephant simulacra
  79 large abominations
  4 basilisks
  A black mamba skeleton (Crypt:3)
  A death yak simulacrum (Lair:5)
  2 alligator snapping turtle simulacra
  8 golden eyes
  10 vampire mosquitoes
  3 redbacks (Vaults:2)
  A sea snake simulacrum (Hell)
  32 chaos spawn
  Edmund (D:5)
  32 neqoxecs
  A steam dragon (D:8)
  A naga zombie (Hell)
  25 spatial vortices (Abyss:4)
  12 wargs
  56 nagas
  An acid dragon (D:13)
  9 harpy simulacra
  A hydra simulacrum (Coc:5)
  5 hell hounds
  10 water moccasins
  2 floating eyes
  A black bear (Lair:3)
  3 ice beasts (D:6)
  A hornet zombie (D:8)
  A meliai simulacrum (D:14)
  54 orc warriors
  A cane toad skeleton (Crypt:2)
  An alligator simulacrum (Hell)
  6 necrophages
  An ice dragon simulacrum (Coc:1)
  A sky beast (shapeshifter) (Abyss:4)
  An elephant skeleton (Crypt:2)
  4 black mamba simulacra
  4 sky beasts
  11 ogres
  9 wolves
  4 ettin simulacra
  6 centaurs
  10 boggarts
  A phantom (D:4)
  4 kobold brigands
  A komodo dragon zombie (Crypt:1)
  15 bullfrogs
  8 earth elementals
  A cyclops zombie (Crypt:1)
  3 scorpions
  A water moccasin zombie (D:6)
  A cane toad simulacrum (Lair:5)
  2 water moccasin skeletons (D:6)
  3 killer bees (D:7)
  A raiju zombie (Crypt:3)
  A shapeshifter zombie (Crypt:3)
  7 lindwurm simulacra (IceCv)
  7 wights
  6 electric eels
  3 howler monkeys (D:10)
  A yak skeleton (Crypt:2)
  8 crimson imps
  4 komodo dragon simulacra
  9 centaur zombies
  4 quasits
  2 human simulacra
  2 bullfrog zombies
  A bullfrog skeleton (D:4)
  3 hounds
  13 orc priests
  4 jellies
  3 centaur skeletons
  6 iron imps
  Jessica (D:2)
  10 orc wizards
  Terence (D:2)
  9 hell rats
  The ghost of freelancePsychic the Sneak, a weakling HODe of Nemelex Xobeh (D:5)
  A deep dwarf skeleton (Crypt:3)
  An acid dragon skeleton (Crypt:1)
  7 mummies (Crypt:3)
  2 howler monkey skeletons
  7 adders
  22 gnolls
  A river rat (Sewer)
  5 acid dragon simulacra (IceCv)
  A swamp drake skeleton (Crypt:1)
  2 shadow imps
  21 white imps
  3 ufetubi
  6 steam dragon simulacra (IceCv)
  3 worms
  An adder skeleton (Crypt:1)
  2 iguana skeletons
  2 dart slugs
  95 orcs
  13 endoplasms
  4 giant cockroaches
  5 goblins
  9 hobgoblins
  5 jackals (D:1)
  2 quokkas (D:1)
  10 ball pythons
  A bat (D:1)
  10 frilled lizards
  57 kobolds
  A kobold skeleton (Crypt:2)
  A quokka zombie (Crypt:3)
  8 rats
  A rat skeleton (Crypt:2)
  2 rat zombies (D:11)
  6 ball lightnings (Pan)
  4 briar patches (Abyss:1)
  A creeping inferno (Geh:5)
  31 fire vortices
  A lurking horror (Abyss:4)
  2 plants
  24 starspawn tentacles
  7 tentacles
3992 creatures vanquished.

Vanquished Creatures (collateral kills)
  3 acid blobs (Slime:5)
  4 azure jellies (Slime:5)
  4 rockslimes (Slime:5)
  2 vault wardens (Vaults:5)
  An ironbound preserver (Vaults:1)
  A war gargoyle (Vaults:4)
  A very ugly thing (Vaults:5)
  5 quicksilver oozes (Slime:5)
  An eidolon (Tar:7)
  A merfolk impaler (Shoals:4)
  A yaktaur captain (Vaults:4)
  2 great orbs of eyes
  A fire dragon (Depths:1)
  A vault guard (Vaults:4)
  A hydra (D:12)
  A naga warrior (Snake:2)
  2 anacondas
  A catoblepas (Lair:6)
  2 death yaks (Lair:6)
  A deep troll earth mage (Depths:1)
  An orc high priest (Orc:2)
  A hell knight (Depths:2)
  2 skeletal warriors (Vaults:2)
  3 deep trolls
  2 lindwurms
  2 ironbound convokers
  A necromancer (Depths:2)
  2 ugly things
  2 elephants
  3 orc sorcerers
  A black mamba (Snake:3)
  2 vault sentinels (Vaults:4)
  A naga mage (Snake:1)
  A cane toad (Lair:1)
  A yaktaur (Vaults:1)
  A guardian mummy (D:12)
  A troll (Orc:2)
  7 slime creatures
  A blink frog (Lair:5)
  6 yaks
  2 redbacks
  A warg (Orc:2)
  A naga (Snake:2)
  6 orc warriors
  A boggart (Vaults:1)
  An ogre (D:9)
  5 orc priests
  5 orc wizards (Orc:2)
  A hell rat (Lair:6)
  2 gnolls (Bailey)
  A white imp (Lair:6)
  22 orcs
  A butterfly (Lair:5)
126 creatures vanquished.

Vanquished Creatures (others)
  An orc warlord (Vaults:5)
  2 fire giants
  2 shard shrike simulacra
  4 orc sorcerers
  A green death (Pan)
  An ettin (Vaults:5)
  2 orc high priests
  A salamander tyrant (Snake:3)
  A death yak (Shoals:3)
  A hell hog (Geh:4)
  2 thrashing horrors
  A hell knight (Depths:2)
  A quicksilver dragon simulacrum (Coc:3)
  17 orc knights
  3 wizards (Pan)
  2 deep elf pyromancers (Elf:1)
  A black mamba (shapeshifter) (Abyss:4)
  6 smoke demons (Pan)
  2 hellwings (Pan)
  21 orc warriors
  A raiju (Abyss:4)
  A slime creature (D:15)
  A dire elephant simulacrum (Coc:4)
  2 golden eyes (Abyss:4)
  2 neqoxecs
  A harpy simulacrum (Coc:2)
  A spatial vortex (Abyss:4)
  An ogre (Vaults:5)
  28 orc priests
  16 orc wizards
  A white imp (D:6)
  2 ufetubi
  46 orcs
  2 kobolds (D:11)
  6 ball lightnings (Pan)
  2 briar patches (Abyss:1)
  A creeping inferno (Geh:4)
  5 fire vortices
  10 foxfires (Abyss:3)
  51 fungi
  3 lurking horrors
  81 plants
  31 starspawn tentacles
  13 tentacles
380 creatures vanquished.

Grand Total: 4498 creatures vanquished

Notes
Turn   | Place    | Note
-------+----------+-------------------------------------------
     0 | D:5      | SnakkuSnakku7 the Hill Orc Delver began the quest for the
                  | Orb.
     0 | D:5      | Reached XP level 1. HP: 19/19 MP: 1/1
    24 | D:5      | Noticed Edmund
    37 | D:5      | Noticed Grinder
    68 | D:5      | Reached XP level 2. HP: 10/27 MP: 2/2
   325 | D:4      | Noticed a necrophage
   337 | D:4      | Killed a necrophage
   338 | D:4      | Reached skill level 5 in Fighting
   338 | D:4      | Reached XP level 3. HP: 19/36 MP: 3/3
   338 | D:4      | Reached XP level 4. HP: 22/42 MP: 4/4
   485 | D:4      | You fall into a shaft and drop 1 floor!
   513 | D:5      | Identified the +9 hunting sling of Havoc {freeze, rC+ rN+
                  | Int+3 Dex-4 Stlth+}
   695 | D:3      | Found a glowing drain.
   752 | D:3      | Reached skill level 5 in Axes
   862 | D:3      | Reached XP level 5. HP: 38/48 MP: 5/5
   952 | Sewer    | Entered a sewer
  1249 | Sewer    | Found a viscous altar of Jiyva.
  1531 | D:3      | Reached XP level 6. HP: 41/57 MP: 6/6
  1749 | D:3      | Found a faded altar of an unknown god.
  1904 | D:2      | Noticed Terence
  1908 | D:2      | Killed Terence
  2922 | D:2      | Noticed Jessica
  2932 | D:2      | Killed Jessica
  3590 | D:3      | Reached XP level 7. HP: 51/64 MP: 7/7
  3950 | D:3      | Found a roughly hewn altar of Beogh.
  3950 | D:3      | Found the +7 staff of the Meek {protect, meekguard}
  4127 | D:4      | Reached skill level 1 in Slings
  4168 | D:4      | Identified the +0 scale mail of the Guild-Master {Str+5}
  4472 | D:5      | Killed Edmund
  4639 | D:5      | Found a runed translucent gate.
  4652 | D:5      | Found a runed translucent gate.
  4653 | D:5      | Found a runed translucent gate.
  4656 | D:5      | Noticed freelancePsychic's ghost (weakling HODe)
  4818 | D:5      | Killed freelancePsychic's ghost
  4819 | D:5      | Reached XP level 8. HP: 66/73 MP: 8/8
  4925 | D:5      | Paralysed by Grinder for 4 turns
  4929 | D:5      | Killed Grinder
  5205 | D:6      | Found a staircase to the Ecumenical Temple.
  5252 | D:6      | Reached skill level 10 in Axes
  5346 | D:6      | Reached skill level 5 in Slings
  5469 | D:6      | Found an ancient bone altar of Kikubaaqudgha.
  5638 | D:6      | Reached XP level 9. HP: 71/79 MP: 9/9
  5740 | D:6      | Became a worshipper of Beogh the Brigand
  6219 | D:7      | Reached * piety under Beogh
  7035 | D:8      | Reached XP level 10. HP: 78/86 MP: 10/10
  7395 | D:8      | Reached ** piety under Beogh
  7490 | D:8      | Noticed a two-headed ogre
  7509 | D:8      | Killed a two-headed ogre
  8194 | D:9      | Noticed Erica
  8202 | D:9      | Killed Erica
  8325 | D:9      | Found a flagged portal.
  8468 | Bailey   | Entered a bailey
  8693 | Bailey   | Reached *** piety under Beogh
  8726 | Bailey   | Noticed an orc knight
  8958 | D:9      | Found a roughly hewn altar of Beogh.
  8963 | D:9      | Reached skill level 15 in Axes
  8970 | D:9      | Reached XP level 11. HP: 58/92 MP: 11/11
  9068 | D:9      | Gained Orkwin as an ally
  9757 | D:10     | Entered Level 10 of the Dungeon
  9798 | D:10     | Found Isenti Qule's Assorted Antiques.
  9830 | D:10     | Bought a fuming cyan potion for 18 gold pieces
  9830 | D:10     | Bought a scroll labelled MASUNNEBAL for 20 gold pieces
  9830 | D:10     | Bought a scroll labelled SAJAN XOPOF for 20 gold pieces
  9830 | D:10     | Bought a dented jasper amulet for 100 gold pieces
 10083 | D:10     | Reached skill level 10 in Slings
 10913 | D:11     | Noticed Gastronok
 10916 | D:11     | Noticed a boulder beetle
 11194 | D:10     | Killed a boulder beetle
 11416 | D:11     | Killed Gastronok
 11475 | D:11     | Reached **** piety under Beogh
 12095 | D:11     | Found a staircase to the Lair.
 12186 | D:11     | Found a staircase to the Orcish Mines.
 12186 | D:11     | Noticed a two-headed ogre
 12190 | D:11     | Killed a two-headed ogre
 12231 | D:11     | Noticed Erolcha
 12268 | D:11     | Killed Erolcha
 12346 | D:11     | Reached XP level 12. HP: 100/100 MP: 12/12
 12599 | D:11     | Found an ancient bone altar of Kikubaaqudgha.
 12687 | D:11     | Identified 3 scrolls of acquirement
 12687 | D:11     | Acquired a +5 vorpal executioner's axe
 12697 | D:11     | Acquired a manual of Dodging
 12699 | D:11     | Acquired 424 gold pieces
 12723 | Lair:1   | Entered Level 1 of the Lair of Beasts
 13048 | Lair:1   | Noticed a five-headed hydra
 13059 | Lair:1   | Killed a five-headed hydra
 13345 | Lair:1   | Noticed Joseph
 13353 | Lair:1   | Killed Joseph
 13568 | Lair:1   | Gained Harm as an ally
 14129 | Lair:2   | Found a staircase to the Snake Pit.
 15005 | Lair:3   | Noticed a five-headed hydra
 15264 | Lair:3   | Noticed Sonja
 15276 | Lair:3   | Killed Sonja
 15277 | Lair:3   | Reached XP level 13. HP: 32/105 MP: 13/13
 15714 | Lair:3   | Reached ***** piety under Beogh
 15862 | Lair:3   | Your ally Harm died
 16755 | Lair:3   | Identified the +0 ring mail "Galong" {Str+4}
 17544 | Lair:4   | Found a staircase to the Shoals.
 17738 | Lair:4   | Acquired the ring "Luanke" {AC+4 Dex+2 SInv}
 18252 | Lair:5   | Reached skill level 10 in Fighting
 18374 | Lair:5   | Found a runed translucent gate.
 18374 | Lair:5   | Found a runed translucent gate.
 18374 | Lair:5   | Found a runed translucent gate.
 18397 | Lair:5   | Reached XP level 14. HP: 89/124 MP: 14/14
 18537 | Lair:5   | Found a staircase to the Slime Pits.
 18612 | Lair:5   | Noticed Qoypruj's ghost (journeyman MiGl)
 18624 | Lair:5   | Killed Qoypruj's ghost
 19021 | Lair:6   | Entered Level 6 of the Lair of Beasts
 19022 | Lair:6   | Noticed Josephine
 19032 | Lair:6   | Killed Josephine
 19046 | Lair:6   | Gained Gorg as an ally
 19056 | Lair:6   | Reached ****** piety under Beogh
 19216 | Lair:6   | Found a frozen archway.
 19450 | IceCv    | Entered an ice cave
 19711 | IceCv    | Noticed a white draconian
 19723 | IceCv    | Killed a white draconian
 19854 | IceCv    | Identified the amulet of Qeujaack {rC+ Regen+ Str+4 Int+3}
 20370 | Lair:6   | Reached skill level 15 in Fighting
 20430 | Lair:6   | Gained Bogwald as an ally
 20573 | Lair:6   | Reached skill level 1 in Invocations
 21143 | D:12     | Gained Boderik as an ally
 21143 | D:12     | Gained Wardok as an ally
 21212 | D:12     | Reached skill level 5 in Invocations
 21258 | D:12     | Reached XP level 15. HP: 144/144 MP: 18/18
 21406 | D:12     | Found a portal to a secret trove of treasure.
 21770 | Orc:1    | Entered Level 1 of the Orcish Mines
 22105 | Orc:1    | Gained Brandogh as an ally
 22319 | Orc:2    | Entered Level 2 of the Orcish Mines
 22335 | Orc:2    | Found Zosaonk's Jewellery Boutique.
 22335 | Orc:2    | Found Kedugg's Assorted Antiques.
 22342 | Orc:2    | Found Ysuqah's General Store.
 22342 | Orc:2    | Found Wowixkir's Weapon Boutique.
 22351 | Orc:2    | Bought the ring of Kaudoto {Fly rPois Str+7 Int+4} for 730
                  | gold pieces
 22357 | Orc:2    | Bought a scroll of acquirement for 572 gold pieces
 22357 | Orc:2    | Bought a scroll of enchant weapon for 82 gold pieces
 22359 | Orc:2    | Bought a pair of runed boots for 202 gold pieces
 22360 | Orc:2    | Acquired the amulet of Doubts {Faith rElec Regen+ rCorr
                  | Int+4}
 22469 | Orc:2    | Found a staircase to the Elven Halls.
 23164 | D:13     | Reached skill level 10 in Invocations
 23170 | D:13     | Identified the ring of Voorr {rF+ rN++ Int-2}
 23334 | D:13     | Found a gate to the Vaults.
 23335 | D:13     | Got Sif Muna's Grimoire of the Shifting Compass
 23943 | D:14     | Found Fyusi's Jewellery Emporium.
 23961 | D:14     | Bought the ring of the Ant {Will+ Dex+4} for 646 gold
                  | pieces
 24621 | D:14     | Found a stormy altar of Qazlal.
 24651 | D:15     | Entered Level 15 of the Dungeon
 24662 | D:15     | Noticed Rupert
 24683 | D:15     | Killed Rupert
 25006 | D:15     | Found a staircase to the Depths.
 25007 | D:15     | Noticed an emperor scorpion
 25010 | D:15     | Reached skill level 15 in Invocations
 25014 | D:15     | Reached skill level 1 in Armour
 25021 | D:15     | Killed an emperor scorpion
 25022 | D:15     | Reached XP level 16. HP: 111/151 MP: 27/27
 25372 | Snake:1  | Entered Level 1 of the Snake Pit
 25583 | Snake:1  | Reached skill level 5 in Armour
 25817 | Snake:1  | Found a burning altar of Makhleb.
 26247 | Snake:2  | Gained Jorge as an ally
 26272 | Snake:2  | Your ally Jorge died
 26419 | Snake:2  | Reached skill level 10 in Armour
 26434 | Snake:2  | Noticed a nagaraja
 26714 | Snake:2  | Killed a nagaraja
 27412 | Snake:3  | Gained Boruk as an ally
 27505 | Snake:3  | Reached skill level 5 in Dodging
 27507 | Snake:3  | Reached XP level 17. HP: 140/158 MP: 28/28
 27541 | Snake:3  | Found Muje's Antique Weapon Boutique.
 27788 | Snake:3  | Noticed Vashnia
 27811 | Snake:3  | Killed Vashnia
 27814 | Snake:3  | Your ally Boruk died
 28159 | Snake:4  | Entered Level 4 of the Snake Pit
 28211 | Snake:4  | Reached skill level 10 in Dodging
 28436 | Snake:4  | Noticed Louise
 28453 | Snake:3  | Killed Louise
 28514 | Snake:4  | Noticed Aizul
 28540 | Snake:4  | Killed Aizul
 29296 | Snake:4  | Reached XP level 18. HP: 155/166 MP: 29/29
 29444 | Snake:4  | Got a serpentine rune of Zot
 29474 | Snake:4  | Gained Marbork as an ally
 29606 | Snake:4  | Found Wamips's Weapon Shoppe.
 29916 | Shoals:1 | Entered Level 1 of the Shoals
 29924 | Shoals:1 | Found Nocwanu's Assorted Antiques.
 29929 | Shoals:1 | Bought a pair of runed gloves for 225 gold pieces
 29929 | Shoals:1 | Bought 2 scrolls of fog for 120 gold pieces
 30965 | Shoals:3 | Noticed Bai Suzhen
 31065 | Shoals:3 | Killed Bai Suzhen
 31209 | Shoals:3 | Noticed Polyphemus
 31234 | Shoals:3 | Killed Polyphemus
 31662 | Shoals:4 | Entered Level 4 of the Shoals
 31691 | Shoals:4 | Noticed Nikola
 31701 | Shoals:4 | Killed Nikola
 32129 | Shoals:4 | Reached XP level 19. HP: 88/185 MP: 31/31
 32271 | Shoals:4 | Got a barnacled rune of Zot
 32785 | Vaults:1 | Entered Level 1 of the Vaults
 33135 | Vaults:1 | Paralysed by a sphinx for 6 turns
 33158 | Vaults:1 | Noticed an ancient lich
 33372 | Vaults:1 | Killed an ancient lich
 33372 | Vaults:1 | Gained Gorm as an ally
 33372 | Vaults:1 | Gained Orik as an ally
 33372 | Vaults:1 | Gained Beowulf as an ally
 33376 | Vaults:1 | Your ally Orik died
 33390 | Vaults:1 | Your ally Gorm died
 33396 | Vaults:1 | Your ally Beowulf died
 34555 | Vaults:2 | Found Poluquxi's Magic Scroll Boutique.
 34557 | Vaults:2 | You are sucked into a shaft and drop 1 floor!
 34603 | Vaults:3 | Found Guph's Weapon Shop.
 34616 | Vaults:3 | Reached XP level 20. HP: 193/193 MP: 34/34
 34694 | Vaults:3 | Reached skill level 1 in Evocations
 34855 | Vaults:3 | Reached skill level 5 in Evocations
 35068 | Vaults:3 | Identified the +1 cloak "Keupp" {rCorr Dex+6}
 35130 | Vaults:3 | HP: 6/193 [ironbound frostheart (34)]
 36013 | Vaults:2 | Found Wexzed's Magic Scroll Shoppe.
 36026 | Vaults:2 | Bought a scroll of fog for 30 gold pieces
 36026 | Vaults:2 | Bought a scroll of fear for 52 gold pieces
 36050 | Vaults:2 | Paralysed by a sphinx for 4 turns
 36070 | Vaults:2 | Gained Bogwald as an ally
 36203 | Vaults:2 | Reached skill level 10 in Evocations
 36247 | Vaults:2 | Gained Olfrun as an ally
 36293 | Vaults:2 | Your ally Olfrun died
 36317 | Vaults:2 | Your ally Bogwald died
 36334 | Vaults:2 | Found Syok's Magic Scroll Shoppe.
 36340 | Vaults:2 | Bought a scroll of teleportation for 30 gold pieces
 36340 | Vaults:2 | Bought a scroll of fear for 35 gold pieces
 36340 | Vaults:2 | Bought a scroll of fog for 20 gold pieces
 36340 | Vaults:2 | Bought a scroll of fear for 35 gold pieces
 36340 | Vaults:2 | Bought a scroll of fog for 20 gold pieces
 36340 | Vaults:2 | Bought a scroll of holy word for 75 gold pieces
 36380 | Vaults:2 | Bought a scroll of blinking for 127 gold pieces
 36380 | Vaults:2 | Bought a scroll of fear for 59 gold pieces
 36380 | Vaults:2 | Bought a scroll of fog for 34 gold pieces
 36380 | Vaults:2 | Bought a scroll of fog for 34 gold pieces
 36380 | Vaults:2 | Bought a scroll of teleportation for 51 gold pieces
 36556 | Vaults:2 | Gained Arbolt as an ally
 36759 | Vaults:2 | Found Puaneick's General Store.
 36767 | Vaults:2 | Bought a scroll of enchant armour for 142 gold pieces
 36791 | Vaults:2 | Found Maprel's Weapon Shoppe.
 36833 | Vaults:2 | Reached XP level 21. HP: 178/201 MP: 36/36
 37000 | Vaults:2 | Found a staircase to the Crypt.
 37401 | Vaults:4 | Gained Thorok as an ally
 37702 | Vaults:4 | Found Gaxkask's Armour Emporium.
 38248 | Vaults:5 | Entered Level 5 of the Vaults
 38314 | Vaults:5 | Your ally Thorok died
 39200 | Vaults:5 | Got the Collected Works on Harmful Summoning
 39209 | Vaults:5 | Identified the ring "Cuad" {rF+ rN+}
 39270 | Vaults:5 | Reached skill level 27 in Invocations
 39286 | Vaults:5 | Reached XP level 22. HP: 163/209 MP: 39/39
 39336 | Vaults:5 | Identified the +4 hand crossbow of Xuocib {flame, rF+ rC+++
                  | Will+ Dex-5}
 39590 | Vaults:5 | Identified the ring "Igeuh" {Wiz Int+2}
 39627 | Vaults:5 | Noticed a golden dragon
 39634 | Vaults:5 | Killed a golden dragon
 39656 | Vaults:5 | Got Ypruvomp's Volume of Translocation and the Oath
 39659 | Vaults:5 | Identified the ring "Xeuhois" {Drain rC+ rN+ rCorr}
 39665 | Vaults:5 | Identified the +6 chain mail "Quck" {rF- rC+ Int+4}
 39745 | Vaults:5 | Gained Ortolf as an ally
 40156 | Vaults:5 | Noticed a golden dragon
 40175 | Vaults:5 | Killed a golden dragon
 40256 | Vaults:5 | Your ally Ortolf died
 40289 | Vaults:5 | Gained Spirok as an ally
 40450 | Vaults:5 | Identified the +1 plate armour of Naatohat {Str+2}
 40469 | Vaults:5 | Found the +4 moon troll leather armour {Spirit, Regen++
                  | MP+5}
 40510 | Vaults:5 | Identified the ring of Tinaalirgh {rPois rN+ EV+4}
 40529 | Vaults:5 | Identified the +5 broad axe "Hihynenytt" {vorpal, rN+}
 40659 | Vaults:5 | Got a silver rune of Zot
 41221 | Depths:1 | Entered Level 1 of the Depths
 41252 | Depths:1 | Gained Bogbarth as an ally
 41305 | Depths:1 | Found a one-way gateway to a ziggurat.
 41483 | Depths:1 | Found a glowing silver altar of Zin.
 41604 | Depths:1 | Found a gateway to Hell.
 41892 | Depths:1 | Identified the +9 short sword "Giantbane" {vamp, *Slow rN+
                  | Dex+2}
 41999 | Depths:2 | Noticed a golden dragon
 42005 | Depths:2 | Your ally Bogbarth died
 42007 | Depths:2 | Noticed a golden dragon
 42013 | Depths:2 | Killed a golden dragon
 42051 | Depths:2 | Killed a golden dragon
 42280 | Depths:2 | Reached XP level 23. HP: 131/229 MP: 35/40
 42786 | Depths:2 | Reached XP level 24. HP: 242/242 MP: 40/40
 42831 | Depths:2 | Found a one-way gate to the infinite horrors of the Abyss.
 42842 | Depths:2 | Got Gaset's Tome of the Furrier
 43016 | Depths:2 | Identified the +6 dagger of Ifalijip {flame, Int+3}
 43251 | Depths:2 | Gained Alork as an ally
 43265 | Depths:2 | Your ally Alork died
 43475 | Depths:2 | Found a one-way gate leading to the halls of Pandemonium.
 44076 | Depths:3 | Identified the ring of Leaves {rC+++ rN++ rCorr Int+6
                  | Stlth-}
 44081 | Depths:3 | Gained Ognian as an ally
 44081 | Depths:3 | Gained Worak as an ally
 44081 | Depths:3 | Your ally Ognian died
 44084 | Depths:3 | Noticed a juggernaut
 44088 | Depths:3 | Your ally Worak died
 44104 | Depths:3 | Killed a juggernaut
 44132 | Depths:3 | Reached skill level 27 in Fighting
 44697 | Depths:3 | Reached XP level 25. HP: 257/257 MP: 40/40
 44901 | Depths:4 | Entered Level 4 of the Depths
 45854 | Depths:4 | Found a gate to the Realm of Zot.
 46024 | Depths:4 | Paralysed by a floating eye for 2 turns
 46519 | Lair:4   | Identified the +11 quarterstaff of Fundamental Breach
                  | {freeze, rC+ rN+ Str+2}
 46552 | Slime:1  | Entered Level 1 of the Pits of Slime
 46670 | Slime:1  | You are sucked into a shaft and drop 1 floor!
 46689 | Slime:2  | Reached skill level 27 in Axes
 47179 | Slime:3  | Gained Olfik as an ally
 47188 | Slime:3  | Your ally Olfik died
 47282 | Slime:3  | Found a viscous altar of Jiyva.
 47779 | Slime:2  | Gained Margrim as an ally
 47931 | Slime:1  | Your ally Margrim died
 48106 | Slime:4  | Gained mutation: You are dopey. (Int -2) [a shining eye]
 48111 | Slime:4  | Gained Oreg as an ally
 48111 | Slime:4  | Gained Gorg as an ally
 48115 | Slime:4  | Your ally Gorg died
 48126 | Slime:4  | Your ally Oreg died
 48205 | Slime:4  | Reached skill level 15 in Armour
 48592 | Slime:5  | Entered Level 5 of the Pits of Slime
 48749 | Slime:5  | Gained Ugbert as an ally
 49006 | Slime:5  | Found a viscous altar of Jiyva.
 49007 | Slime:5  | Noticed the Royal Jelly
 49022 | Slime:5  | Your ally Ugbert died
 49088 | Slime:5  | Your ally Gorg died
 49091 | Slime:5  | Your ally Spirok died
 49096 | Slime:5  | Your ally Arbolt died
 49099 | Slime:5  | Killed the Royal Jelly
 49101 | Slime:5  | Your ally Bogwald died
 49101 | Slime:5  | Your ally Marbork died
 49277 | Slime:5  | Found the +10 Black Knight's barding {ponderous, rPois rN+}
 49285 | Slime:5  | Got a slimy rune of Zot
 49332 | Slime:5  | Got the Papyrus of the Escort and Orientation
 49334 | Slime:5  | Identified the ring "Astrar" {rPois Str+3}
 49346 | Slime:5  | Identified the +10 long sword of the Doomed Warrior {flame,
                  | rPois rCorr Dex-4 Stlth+}
 49706 | Temple   | Entered the Ecumenical Temple
 49836 | Temple   | Fell from the grace of Beogh
 49836 | Temple   | Became a worshipper of the Shining One
 50129 | Crypt:1  | Entered Level 1 of the Crypt
 50182 | Crypt:1  | Reached * piety under the Shining One
 50296 | Crypt:1  | Found a shimmering blue altar of Sif Muna.
 50311 | Crypt:1  | Reached ** piety under the Shining One
 50369 | Crypt:1  | Identified the amulet of the Sixty-Six Lovers {RegenMP
                  | Int+7}
 50551 | Crypt:1  | Reached *** piety under the Shining One
 50558 | Crypt:1  | Reached XP level 26. HP: 266/266 MP: 40/40
 50718 | Crypt:1  | Reached **** piety under the Shining One
 50948 | Crypt:1  | Reached ***** piety under the Shining One
 51185 | Crypt:2  | Noticed Donald
 51195 | Crypt:2  | Killed Donald
 51379 | Crypt:2  | Reached ****** piety under the Shining One
 51383 | Crypt:2  | Identified a +7 executioner's axe of holy wrath (a +5
                  | antimagic executioner's axe blessed by the Shining One)
 51383 | Crypt:2  | Received a gift from the Shining One
 52005 | Crypt:2  | Noticed Boris
 52011 | Crypt:2  | Killed Boris
 52036 | Crypt:2  | Identified the +8 battleaxe of Iconoclasm {vorpal, rElec}
 52096 | Crypt:3  | Entered Level 3 of the Crypt
 52349 | Crypt:3  | Noticed Sojobo
 52368 | Crypt:3  | Paralysed by an air elemental for 1 turns
 52513 | Crypt:3  | Paralysed by an air elemental for 1 turns
 52517 | Crypt:3  | Paralysed by an air elemental for 1 turns
 52528 | Crypt:2  | Killed Sojobo
 52868 | Crypt:3  | Noticed a royal mummy
 52894 | Crypt:3  | Killed a royal mummy
 53359 | Crypt:3  | Found a staircase to the Tomb.
 53383 | Crypt:3  | Found an ancient bone altar of Kikubaaqudgha.
 53693 | Crypt:3  | Identified the ring "Anifeow" {rN+ Int+6}
 53693 | Crypt:3  | Identified the ring of Xamihuny {rN+ Dex+8}
 53693 | Crypt:3  | Identified the ring of Xutiud {rF+ rN+ Dex+4}
 53717 | Crypt:3  | Got the Volume of Stolen Souls and Flight
 53929 | Vaults:3 | Cast into level 4 of the Abyss (orc warlord)
 53997 | Abyss:4  | Gained mutation: You are frail. (-10% HP) [a neqoxec]
 54673 | Abyss:4  | Noticed an ancient lich
 54680 | Abyss:4  | Killed an ancient lich
 55138 | Abyss:5  | Entered Level 5 of the Abyss
 55175 | Abyss:5  | Found a corrupted altar of Lugonu.
 55235 | Vaults:3 | Escaped the Abyss
 55250 | Vaults:3 | Lost mutation: You are frail. (-10% HP) [potion of
                  | mutation]
 55250 | Vaults:3 | Lost mutation: You are dopey. (Int -2) [potion of mutation]
 55250 | Vaults:3 | Gained mutation: Potions are less effective at restoring
                  | your health. [potion of mutation]
 55250 | Vaults:3 | Gained mutation: You are partially covered in large bone
                  | plates. (SH +4) [potion of mutation]
 55251 | Vaults:3 | Lost mutation: Potions are less effective at restoring your
                  | health. [potion of mutation]
 55251 | Vaults:3 | Lost mutation: You are partially covered in large bone
                  | plates. (SH +4) [potion of mutation]
 55251 | Vaults:3 | Gained mutation: Your spells are a little easier to cast,
                  | but a little less powerful. [potion of mutation]
 55251 | Vaults:3 | Gained mutation: Your magical capacity is extremely low.
                  | (-30% MP) [potion of mutation]
 55735 | Elf:1    | Entered Level 1 of the Elven Halls
 55771 | Elf:1    | Found a radiant altar of Vehumet.
 55816 | Elf:1    | Found Ampexojy's General Store.
 55841 | Elf:1    | Bought a scroll of teleportation for 39 gold pieces
 55841 | Elf:1    | Bought a potion of attraction for 39 gold pieces
 56795 | Elf:2    | Reached XP level 27. HP: 259/273 MP: 36/36
 56829 | Elf:2    | Paralysed by an air elemental for 1 turns
 56892 | Elf:2    | Found a runed translucent gate.
 56892 | Elf:2    | Found a runed translucent gate.
 56892 | Elf:2    | Found a runed translucent gate.
 57281 | Elf:3    | Entered Level 3 of the Elven Halls
 57294 | Elf:3    | Learned a level 1 spell: Apportation
 57298 | Elf:3    | Learned a level 2 spell: Blink
 57302 | Elf:3    | Learned a level 3 spell: Swiftness
 57307 | Elf:3    | Learned a level 4 spell: Passage of Golubria
 57313 | Elf:3    | Learned a level 5 spell: Summon Mana Viper
 57319 | Elf:3    | Found a runed translucent door.
 57319 | Elf:3    | Noticed Pooter's ghost (adept MiBe)
 57366 | Elf:3    | Reached skill level 1 in Translocations
 57554 | Elf:3    | Killed Pooter's ghost
 57611 | Elf:3    | Paralysed by an air elemental for 1 turns
 58010 | Elf:2    | Found a shimmering blue altar of Sif Muna.
 58056 | Elf:3    | Identified the ring "Qolag" {*Corrode rF+ rC+ rN++ MP+9
                  | SInv}
 58099 | Elf:3    | Identified the ring "Buycaocs" {rPois rN+ Str+2}
 58103 | Elf:3    | Reached skill level 5 in Translocations
 58216 | Elf:3    | Identified the +6 rapier of Gozag's Grace {freeze, rCorr}
 58226 | Elf:3    | Identified the +11 great mace "Suar" {venom, Str+4}
 58316 | Elf:3    | Identified the +2 pair of gloves "Xuqewn" {Str+3 Int+3}
 58331 | Elf:3    | Got the Grimoire of the Mountains and Confrontation
 58768 | Hell     | Entered the Vestibule of Hell
 58799 | Hell     | Noticed Geryon
 59066 | Hell     | Killed Geryon
 59123 | Hell     | Found a gateway to the ashen valley of Gehenna.
 59208 | Hell     | Found a gateway to the decaying netherworld of Tartarus.
 59270 | Hell     | Found a gateway to the freezing wastes of Cocytus.
 59398 | Hell     | Found a gateway to the Iron City of Dis.
 59507 | Dis:1    | Entered Level 1 of the Iron City of Dis
 59616 | Dis:1    | Reached skill level 10 in Translocations
 60207 | Dis:2    | You are sucked into a shaft and drop 1 floor!
 60955 | Hell     | Was forgiven by Beogh
 61820 | Dis:7    | Entered Level 7 of the Iron City of Dis
 62558 | Coc:1    | Entered Level 1 of Cocytus
 62671 | Coc:2    | Noticed a dread lich
 62834 | Coc:2    | Killed a dread lich
 62881 | Coc:3    | HP: 3/237 [shard shrike (21)]
 63841 | Pan      | Entered Pandemonium
 63851 | Pan      | Reached skill level 27 in Armour
 63863 | Pan      | Reached skill level 1 in Spellcasting
 63956 | Pan      | Noticed Minua the pandemonium lord
 63971 | Pan      | Killed Minua the pandemonium lord
 64121 | Pan      | Reached skill level 5 in Spellcasting
 64152 | Pan      | Noticed Somat the pandemonium lord
 64163 | Pan      | Killed Somat the pandemonium lord
 64329 | Pan      | Noticed Ywetruk the pandemonium lord
 64339 | Pan      | Killed Ywetruk the pandemonium lord
 64487 | Pan      | Gained mutation: Your body sometimes deteriorates upon
                  | taking damage. [a neqoxec]
 64488 | Pan      | Noticed Ogrey the pandemonium lord
 64505 | Pan      | Killed Ogrey the pandemonium lord
 64526 | Pan      | Got a demonic rune of Zot
 64675 | Pan      | Entered the realm of Gloorx Vloq.
 65317 | Pan      | Reached skill level 10 in Spellcasting
 65355 | Pan      | Noticed Gloorx Vloq
 65367 | Pan      | Killed Gloorx Vloq
 65368 | Pan      | Reached skill level 1 in Hexes
 65378 | Pan      | Got a dark rune of Zot
 65464 | Pan      | Noticed Sadef the pandemonium lord
 65472 | Pan      | Killed Sadef the pandemonium lord
 65474 | Pan      | Reached skill level 5 in Summonings
 65663 | Pan      | Found a transporter.
 65704 | Pan      | Found an exit through the horrors of the Abyss.
 65784 | Pan      | Found a transporter.
 65818 | Pan      | Entered the realm of Lom Lobon.
 65851 | Pan      | Reached skill level 5 in Hexes
 66537 | Pan      | Noticed Lom Lobon
 66543 | Pan      | Cast into level 2 of the Abyss (a wizard)
 66644 | Pan      | Escaped the Abyss
 66668 | Pan      | Killed Lom Lobon
 66692 | Pan      | Got a magical rune of Zot
 66847 | Pan      | Entered the realm of Cerebov.
 66859 | Pan      | Reached skill level 10 in Summonings
 67059 | Pan      | Identified the +8 scythe of Gallantry {freeze, rC+}
 67185 | Pan      | Found an exit through the horrors of the Abyss.
 67286 | Pan      | Found the +6 sword of Cerebov {flame}
 67286 | Pan      | Noticed Cerebov
 67576 | Pan      | Killed Cerebov
 67597 | Pan      | Identified the amulet of Cetos {rF+ Regen+}
 67663 | Pan      | Got a fiery rune of Zot
 67718 | Pan      | Noticed Ixzah the pandemonium lord
 67729 | Pan      | Killed Ixzah the pandemonium lord
 67771 | Pan      | Noticed Qiaq the pandemonium lord
 67775 | Pan      | Found a runed translucent door.
 67786 | Pan      | Reached skill level 10 in Hexes
 67797 | Pan      | Killed Qiaq the pandemonium lord
 67911 | Pan      | Noticed Hoikupn the pandemonium lord
 67918 | Pan      | Killed Hoikupn the pandemonium lord
 67920 | Pan      | Reached skill level 15 in Summonings
 67921 | Pan      | Reached skill level 1 in Air Magic
 67960 | Pan      | Entered the realm of Mnoleg.
 68049 | Pan      | Gained mutation: Armour fits poorly on your strangely
                  | shaped body. [a cacodemon]
 68051 | Pan      | Gained mutation: You are robust. (+10% HP) [a cacodemon]
 68064 | Pan      | Reached skill level 5 in Air Magic
 68068 | Pan      | Noticed Mnoleg
 68072 | Pan      | Paralysed by a floating eye for 4 turns
 68089 | Pan      | Paralysed by a floating eye for 2 turns
 68096 | Pan      | Killed Mnoleg
 68126 | Pan      | Got a glowing rune of Zot
 68212 | Pan      | Gained mutation: You are weak. (Str -2) [a cacodemon]
 68239 | Pan      | Lost mutation: You are robust. (+10% HP) [a cacodemon]
 68255 | Pan      | Gained mutation: You are dopey. (Int -2) [a neqoxec]
 68256 | Pan      | Gained mutation: You have hidden genetic defects. [a
                  | cacodemon]
 68380 | Pan      | Lost mutation: Armour fits poorly on your strangely shaped
                  | body. [potion of mutation]
 68380 | Pan      | Lost mutation: Your body sometimes deteriorates upon taking
                  | damage. [potion of mutation]
 68380 | Pan      | Gained mutation: You possess an exceptional clarity of
                  | mind. [potion of mutation]
 68380 | Pan      | Gained mutation: You have large cloven feet. [potion of
                  | mutation]
 68381 | Pan      | Lost mutation: Your magical capacity is low. (-10% MP)
                  | [potion of mutation]
 68381 | Pan      | Lost mutation: You are weak. (Str -2) [potion of mutation]
 68381 | Pan      | Lost mutation: You have hidden genetic defects. [potion of
                  | mutation]
 68381 | Pan      | Gained mutation: Your body sometimes deteriorates upon
                  | taking damage. [potion of mutation]
 68381 | Pan      | Gained mutation: Your system is resistant to poisons.
                  | (rPois) [potion of mutation]
 68389 | Pan      | Lost mutation: You possess an exceptional clarity of mind.
                  | [potion of mutation]
 68389 | Pan      | Lost mutation: Your body sometimes deteriorates upon taking
                  | damage. [potion of mutation]
 68389 | Pan      | Lost mutation: Your spells are a little easier to cast, but
                  | a little less powerful. [potion of mutation]
 68389 | Pan      | Gained mutation: You are strong-willed. (Will+) [potion of
                  | mutation]
 68473 | Depths:4 | Escaped Pandemonium
 68545 | Depths:4 | Voluntarily entered the Abyss.
 68758 | Abyss:4  | Paralysed by accursed screaming for 1 turns
 68793 | Abyss:4  | Gained mutation: Your magical capacity is low. (-10% MP) [a
                  | shining eye]
 68799 | Abyss:4  | Gained mutation: You occasionally shout uncontrollably at
                  | your foes. [a shining eye]
 68824 | Abyss:4  | Found a runed translucent gate.
 68824 | Abyss:4  | Found a runed translucent gate.
 68825 | Abyss:4  | Found a runed translucent gate.
 68835 | Abyss:4  | Noticed an ancient lich
 68845 | Abyss:4  | Killed an ancient lich
 68907 | Abyss:4  | Paralysed by accursed screaming for 1 turns
 68923 | Abyss:4  | Noticed a dread lich
 68930 | Abyss:4  | Gained mutation: Potions are less effective at restoring
                  | your health. [a neqoxec]
 68931 | Depths:4 | Escaped the Abyss
 68941 | Depths:4 | Killed a dread lich
 68942 | Depths:4 | Lost mutation: You are strong-willed. (Will+) [potion of
                  | mutation]
 68942 | Depths:4 | Lost mutation: You have large cloven feet. [potion of
                  | mutation]
 68942 | Depths:4 | Gained mutation: Your natural rate of healing is unusually
                  | fast. [potion of mutation]
 68943 | Depths:4 | Lost mutation: You occasionally shout uncontrollably at
                  | your foes. [potion of mutation]
 68943 | Depths:4 | Lost mutation: You are dopey. (Int -2) [potion of mutation]
 68943 | Depths:4 | Lost mutation: Your natural rate of healing is unusually
                  | fast. [potion of mutation]
 68944 | Depths:4 | Lost mutation: Potions are less effective at restoring your
                  | health. [potion of mutation]
 68944 | Depths:4 | Lost mutation: Your system is resistant to poisons. (rPois)
                  | [potion of mutation]
 69034 | Depths:4 | Voluntarily entered the Abyss.
 69884 | Abyss:4  | Found a corrupted altar of Lugonu.
 70100 | Abyss:4  | Paralysed by you for 6 turns
 70274 | Abyss:4  | Found a corrupted altar of Lugonu.
 70323 | Abyss:4  | Paralysed by accursed screaming for 2 turns
 70330 | Abyss:4  | Paralysed by accursed screaming for 1 turns
 70870 | Abyss:4  | Gained mutation: You are frail. (-10% HP) [a neqoxec]
 70871 | Abyss:4  | Gained mutation: You are clumsy. (Dex -2) [a neqoxec]
 70872 | Abyss:4  | Gained mutation: You are very frail. (-20% HP) [a neqoxec]
 70877 | Abyss:4  | Gained mutation: You occasionally shout uncontrollably at
                  | your foes. [a neqoxec]
 71043 | Abyss:4  | Paralysed by accursed screaming for 2 turns
 71048 | Abyss:4  | Paralysed by accursed screaming for 2 turns
 71066 | Abyss:4  | Got an abyssal rune of Zot
 71120 | Depths:4 | Escaped the Abyss
 71121 | Depths:4 | Lost mutation: You are clumsy. (Dex -2) [potion of
                  | mutation]
 71121 | Depths:4 | Lost mutation: Your magical capacity is extremely low.
                  | (-30% MP) [potion of mutation]
 71121 | Depths:4 | Gained mutation: You have a pair of small antennae on your
                  | head. [potion of mutation]
 71122 | Depths:4 | Lost mutation: You have a pair of small antennae on your
                  | head. [potion of mutation]
 71122 | Depths:4 | Lost mutation: You are very frail. (-20% HP) [potion of
                  | mutation]
 71122 | Depths:4 | Lost mutation: You are frail. (-10% HP) [potion of
                  | mutation]
 71122 | Depths:4 | Gained mutation: You have sharp fingernails. [potion of
                  | mutation]
 71200 | Tar:1    | Entered Level 1 of Tartarus
 71205 | Tar:1    | Reached skill level 15 in Dodging
 71548 | Tar:4    | Noticed a dread lich
 71553 | Tar:4    | Paralysed by a dread lich for 7 turns
 71561 | Tar:4    | Killed a dread lich
 72105 | Tar:7    | Entered Level 7 of Tartarus
 72141 | Tar:7    | Acquired the ring of Peace {rCorr AC+4 Str+3 Slay+3}
 72455 | Tar:7    | Noticed Ereshkigal
 72461 | Tar:7    | Paralysed by Ereshkigal for 4 turns
 72484 | Tar:7    | Killed Ereshkigal
 72530 | Tar:7    | Got a bone rune of Zot
 72743 | Geh:1    | Entered Level 1 of Gehenna
 72746 | Geh:1    | Noticed a dread lich
 72753 | Geh:1    | Killed a dread lich
 73082 | Geh:4    | Noticed an ancient lich
 73096 | Geh:4    | Killed an ancient lich
 73160 | Geh:5    | Noticed an ancient lich
 73172 | Geh:5    | Killed an ancient lich
 73173 | Geh:5    | Reached skill level 1 in Polearms
 73260 | Geh:7    | Entered Level 7 of Gehenna
 73639 | Geh:7    | Identified the -6 pair of boots of Twilight {rPois Str+2
                  | SInv Stlth-}
 73829 | Geh:7    | Found the +7 sceptre of Asmodeus
 73829 | Geh:7    | Identified the amulet "Tagut" {Spirit rElec rPois Dex+4}
 73829 | Geh:7    | Noticed Asmodeus
 73842 | Geh:7    | Killed Asmodeus
 73851 | Geh:7    | Got an obsidian rune of Zot
 74758 | Zot:1    | Entered Level 1 of the Realm of Zot
 74791 | Zot:1    | Identified the +2 cloak of Pandemonium {Will++ Int-4}
 75190 | Zot:1    | Found a transporter.
 75192 | Zot:1    | Identified the ring "Himpir" {rC+ rCorr MP+9 Slay+6}
 75202 | Zot:1    | Found a transporter.
 75202 | Zot:1    | Noticed dolemite99's ghost (veteran MiMo)
 75202 | Zot:1    | Identified the +1 cloak of Mutualism {rElec Regen+ rCorr
                  | Int-5}
 75207 | Zot:1    | Found a bloodstained altar of Trog.
 76010 | Coc:6    | Killed from afar by an elemental wellspring

Illustrated notes

Levels and vault maps discovered:
D:1:      dpeg_arrival_round_a, layout_loops_ring
D:2:      layout_rooms, uniq_jessica, uniq_terence
D:3:      minmay_goblin_kobold_castle, layout_loops_ring,
          cheibrodos_sewer_entry_bend,
          hellmonk_ecumenical_altar_pennies_from_heaven, pf_guarded_unrand_meek
D:4:      layout_cave_pools
D:5:      layout_basic, gammafunk_ghost_necromancy, uniq_edmund, uniq_grinder
D:6:      minmay_bubble_buster, layout_basic, kennysheep_mini_moat,
          minmay_temple_entry_waves
D:7:      layout_basic, grunt_ministairs_6
D:8:      layout_loops_ring
D:9:      layout_roguey [special_room_orc], enter_bailey_4, uniq_erica
D:10:     layout_basic, serial_shops, shop
D:11:     layout_rooms, erik_lair_island, orc_0_dummy, hangedman_decor_opposing,
          lemuel_zombie_altar_kikubaaqudgha, uniq_gastronok, uniq_erolcha
D:12:     layout_rooms, nicolae_trove_entry_path_of_doom,
          chequers_serial_rivers_small_3, minmay_door_square
D:13:     layout_basic, david_vaults_5, chequers_avenue
D:14:     layout_rooms, serial_shops, nicolae_stop_n_shop_2,
          nicolae_qazlal_eye_of_the_storm
D:15:     hangedman_depths_entry_try_elsewhere_first, layout_cave_pools,
          uniq_rupert
Temple:   minmay_crystal_snake_temple
Lair:1:   layout_loops_ring, grunt_megastairs_4, uniq_joseph
Lair:2:   minmay_lair_oklob_chamber, layout_regular_city,
          guppyfry_snake_entry_garden
Lair:3:   layout_roguey, uniq_sonja
Lair:4:   layout_roguey, minmay_shoals_entry_hut, grunt_megastairs_2
Lair:5:   layout_layer_cave, slime_dummy, gammafunk_ghost_icy,
          grunt_megastairs_5, lemuel_fruit_fields
Lair:6:   evilmike_catoblepas_cave, layout_cave_pods,
          portal_ice_cave_entry_imps, grunt_megastairs_3, uniq_josephine
Shoals:1: layout_shoals, serial_shops, nicolae_shop_hallway_stairs
Shoals:2: layout_shoals
Shoals:3: cheibrodos_shoals_roost, layout_shoals, uniq_polyphemus,
          uniq_bai_suzhen
Shoals:4: shoals_end_hangedman, layout_shoals, uniq_nikola
Snake:1:  layout_basic, basic_altar
Snake:2:  layout_onion_interference, nicolae_snake_coiling_death
Snake:3:  layout_gridlike, minmay_shop_star, uniq_vashnia
Snake:4:  johnstein_snake_rune_scales, layout_rooms, serial_shops,
          nicolae_shop_bloodbath_and_beyond, nicolae_snake_mages_go_home,
          uniq_louise, uniq_aizul
Slime:1:  layout_caves
Slime:2:  layout_caves
Slime:3:  layout_caves, basic_altar
Slime:4:  layout_caves
Slime:5
Orc:1:    layout_caves
Orc:2:    grunt_orc_tribal_feast, layout_caves
Elf:1:    eino_elf_arrival_altar, layout_loops_corners, serial_shops, shop,
          minmay_elf_demonology
Elf:2:    elven_hall_of_blades_hangedman_original [nicolae_blade_bullseye],
          layout_onion_city, grunt_ministairs_1, lemuel_upstairs_altar,
          lemuel_elevator
Elf:3:    minmay_elf_hall_curves, layout_geoelf_grid,
          hellmonk_ghost_happy_afterlife
Vaults:1: vaults_standard_mumra_enter_the_diamond,
          nicolae_vaults_stairing_the_circle, v_misc_16, v_misc_17,
          st_quartered_hall, ontoclasm_vaults_chip, serial_ice_h,
          hangedman_vaults_trim, v_misc_24, layout_vaults_quadrants
Vaults:2: hangedman_vaults_restitches, vaults_dpeg_encased_lava,
          minmay_crypt_entry_skeletal_spiral, vaults_room_grid,
          ontoclasm_vaults_gateway, ontoclasm_vaults_idyll,
          nicolae_vaults_quartermaster, hangedman_vaults_maws,
          vaults_standard_mumra_x, v_rooms_5, ontoclasm_vaults_eye,
          ontoclasm_vaults_claustrophobia, layout_vaults_big_room, serial_shops,
          nicolae_shop_hallway_plus, shop, shop, nicolae_shop_waterfront, shop
Vaults:3: ontoclasm_vaults_shuriken, grunt_vaults_twisty,
          nicolae_vaults_little_squares_4, vaults_room_grunt_arrival_ludios,
          v_misc_1, nicolae_vaults_display_case, hangedman_vaults_corner,
          vaults_room_fours, nicolae_vaults_circle_grid_a,
          ontoclasm_vaults_ring_square, layout_vaults_omnicross, serial_shops,
          shop
Vaults:4: hangedman_vaults_slither, ontoclasm_vaults_spin, v_misc_28,
          nicolae_vaults_border_crossing, v_rooms_6, v_misc_3,
          vaults_dpeg_spiral, vaults_dpeg_diagonal, grunt_vaults_focal,
          layout_vaults_omnibox, serial_shops, nicolae_diamond_shop
Vaults:5: serial_shops
Crypt:1:  layout_misc_corridors, nicolae_crypt_small_crypt,
          hangedman_summoners_spam, grunt_crypt_arrival_webbed
Crypt:2:  layout_regular_city, weyrava_lich_vault, uniq_donald
Crypt:3:  due_elkab, layout_chaotic_city, basic_altar,
          small_chamber_with_monster, uniq_sojobo
Depths:1: kennysheep_six_static_rooms, layout_small_grid, enter_ziggurat_f,
          hell_entry, serial_bayou_pond_c, kennysheep_flooded_box,
          serial_sigils_hangedman_gnaw, lemuel_old_faithful
Depths:2: minmay_heptahexagon, layout_gridlike, abyss_entry,
          minmay_misc_feat_columns, hell_entry, rand_demon_pan_entry_4,
          minmay_alternating_orb
Depths:3: minmay_the_grid_octo_2x2 [minmay_the_grid_octo_empty,
          minmay_the_grid_octo_clover, minmay_the_grid_octo_odd_swirl,
          minmay_the_grid_octo_prize_ultimate_mussel_roller],
          layout_twisted_cross, chequers_serial_rivers_large_b, abyss_entry,
          hell_entry, infiniplex_staircase_pillars_1
Depths:4: grunt_zot_entry_alcove, layout_basic, abyss_entry_small_statue_room,
          hell_entry, grunt_pan_entry_sceptre, serial_sigils_hangedman_clutch,
          serial_bayou_shore_b
Hell
Dis:1:    layout_jigsaw
Dis:2:    layout_subdivisions, nicolae_dis_step_into_the_octagon
Dis:3:    layout_regular_city
Dis:4:    layout_jigsaw
Dis:5:    layout_overlapping_boxes, glass_columns_c
Dis:6:    layout_subdivisions, nicolae_dis_having_a_grate_time
Dis:7:    dis_hangedman
Geh:1:    layout_gehenna_pools_box
Geh:2:    layout_gehenna_pools_triple, evilmike_ambush
          [evilmike_ambush_outer_doors, evilmike_ambush_inner_basic]
Geh:3:    layout_gehenna_pools_box
Geh:4:    layout_gehenna_pools_triple
Geh:5:    layout_gehenna_lava_caves
Geh:6:    layout_gehenna_pools_box
Geh:7:    geh_grunt_pentagon
Coc:1:    layout_cocytus_delve
Coc:2:    layout_cocytus_water_paths
Coc:3:    layout_ice_bergs
Coc:4:    layout_cocytus_water_paths
Coc:5:    layout_cocytus_delve
Coc:6:    layout_cocytus_water_paths
Tar:1:    layout_grid_maze, nicolae_tar_four_comb_rooms
Tar:2:    layout_grid_maze, nicolae_tar_cuneiform_not
Tar:3:    layout_cathedral_of_symmetry
Tar:4:    layout_catacombs
Tar:5:    layout_cathedral_of_symmetry
Tar:6:    layout_catacombs
Tar:7:    tar_mu [tar_mu_maze]
Zot:1:    layout_basic, gammafunk_ghost_wrathful_warriors

Skill      XL: |  1  2  3  4  5  6  7  8  9 10 11 12 13 14 15 16 17 18 19 20 21 22 23 24 25 26 27 |
---------------+----------------------------------------------------------------------------------+-----
Fighting       | 4 5 6 7 11 16 20 24 25 27 | 27.0
Axes           | 3 4 5 7 8 10 12 15 18 22 24 25 27 | 27.0
Slings         | 2 5 7 9 10 | 10.0
Invocations    | 5 15 16 21 23 27 | 27.0
Armour         | 2 12 13 17 22 27 | 27.0
Dodging        | 5 13 22 | 22.8
Evocations     | 10 | 10.0
Translocations | 10 | 10.0
Spellcasting   | 10 | 10.0
Hexes          | 10 | 10.0
Summonings     | 15 | 15.0
Air Magic      | 8 |  8.0
Polearms       | 1 |  1.9
Stealth        | |  4.1

Action                   |  1- 3 |  4- 6 |  7- 9 | 10-12 | 13-15 | 16-18 | 19-21 | 22-24 | 25-27 || total
-------------------------+-------+-------+-------+-------+-------+-------+-------+-------+-------++-------
Melee: Hand axe          |    20 |   258 |       |       |       |       |       |       |       ||   278
       Punch             |     1 |     3 |       |       |       |       |       |       |       ||     4
       Hunting sling     |       |       |       |     1 |       |       |       |       |       ||     1
       Executioner's axe |       |       |       |   116 |   652 |   917 |   962 |   733 |  4644 ||  8024
       Battleaxe         |       |       |       |    16 |       |       |       |       |       ||    16
 Fire: Hunting sling     |       |    35 |   308 |   489 |    14 |       |       |       |       ||   846
Invok: Convert to Beogh  |       |       |     1 |       |       |       |       |       |       ||     1
       Recall Orcish Fol |       |       |       |       |     2 |       |       |       |     3 ||     5
       Smiting           |       |       |       |       |       |     2 |       |     4 |     7 ||    13
       Cleansing Flame   |       |       |       |       |       |       |       |       |   100 ||   100
       Brand Weapon With |       |       |       |       |       |       |       |       |     1 ||     1
       Summon Divine War |       |       |       |       |       |       |       |       |     7 ||     7
       Divine Shield     |       |       |       |       |       |       |       |       |     1 ||     1
Evoke: Wand              |     1 |       |       |     3 |       |       |       |       |     4 ||     8
       Lightning rod     |       |       |       |       |       |       |       |       |     4 ||     4
  Use: Scroll            |       |       |       |    25 |     8 |     7 |     8 |     8 |    17 ||    73
       Potion            |       |       |       |     4 |     2 |     1 |     4 |     3 |    24 ||    38
 Stab: Sleeping          |     2 |    11 |       |       |       |       |       |       |       ||    13
       Distracted        |       |     1 |       |       |     2 |       |     3 |     2 |     1 ||     9
       Paralysed         |       |       |       |       |       |       |     1 |       |       ||     1
Armor: Leather armour    |     6 |    46 |       |       |       |       |       |       |       ||    52
       Scale mail        |       |    47 |    65 |    38 |       |       |       |       |       ||   150
       Plate armour      |       |       |       |    95 |   454 |   484 |       |       |       ||  1033
       Storm dragon scal |       |       |       |       |       |   138 |   488 |    37 |       ||   663
       Gold dragon scale |       |       |       |       |       |       |       |   385 |  3257 ||  3642
       Skin              |       |       |       |       |       |       |       |       |     6 ||     6
Dodge: Dodged            |    11 |   144 |    71 |    78 |   182 |   498 |   584 |   364 |  2832 ||  4764
Block: Other             |       |       |       |    33 |    67 |       |       |       |     2 ||   102
       Reflection        |       |       |       |     4 |     1 |       |       |       |       ||     5
